 Dungeon Crawl Stone Soup version 0.31-a0-472-g43a2ca8e1b (webtiles) character file.

Game seed: 7927378878873811350

2237 Ethylacetat the Changeling (level 9, 0/6 HPs)
             Began as an Octopode Shapeshifter on Aug 6, 2023.
             Slain by a water moccasin (6 damage)
             ... on level 6 of the Dungeon.
             The game lasted 00:10:38 (4114 turns).

Ethylacetat the Changeling (Octopode Shapeshifter)  Turns: 4114, Time: 00:10:42

Health: 0/6        AC: 15    Str: 14    XL:     9   Next: 36%
Magic:  9/9        EV: 32    Int: 10    God:
Gold:   384        SH:  0    Dex: 17    Spells: 8/8 levels left

rFire   . . .        q - melded +3 rapier (speed)
rCold   . . .        (shield currently unavailable)
rNeg    . . .        (helmet currently unavailable)
rPois   ∞            e - amulet of regeneration
rElec   +            (no ring)
rCorr   .            (no ring)
SInv    .            (no ring)
Will    .....        (no ring)
Stlth   ++           (no ring)
HPRegen 1.01/turn    (no ring)
MPRegen 0.11/turn    (no ring)
                     (no ring)

%: no passive effects
@: storm-form, blinkbolt cooldown, flying
A: cleaving, insubstantial, flying, reduced hp, almost no armour, amphibious, 8
rings, (camouflage 1), (gelatinous body 1), (nimble swimmer 1), (tentacles)
a: Blinkbolt, Begin Untransformation


You were on level 6 of the Dungeon.
You were a lightning-filled tempest!
You visited 1 branch of the dungeon, and saw 6 of its levels.
You also visited: Ossuary.

You collected 384 gold pieces.

Inventory:

Hand Weapons
 q - a +3 rapier of speed (melded)
Jewellery
 e - an amulet of regeneration (around neck)
Talismans
 b - a beast talisman
 w - a storm talisman (active)
Wands
 l - a wand of roots (9)
 v - a wand of flame (8)
Scrolls
 c - 8 scrolls of identify {unknown}
 f - 3 scrolls of fear {unknown}
 h - 3 scrolls of enchant armour {unknown}
 j - 3 scrolls of teleportation {unknown}
 k - a scroll of noise {unknown}
 m - 2 scrolls of enchant weapon {unknown}
 n - a scroll of silence {unknown}
 o - 3 scrolls of blinking {unknown}
 r - a scroll of torment {unknown}
 t - a scroll of fog {unknown}
 u - a scroll of brand weapon {unknown}
Potions
 a - 3 potions of degeneration {unknown}
 d - 3 potions of curing
 g - a potion of brilliance {unknown}
 i - a potion of magic {unknown}
 p - 3 potions of attraction {unknown}
 s - a potion of mutation {unknown}
 x - a potion of heal wounds {unknown}


   Skills:
 + Level 6.0 Fighting
 - Level 2.0 Dodging
 + Level 6.7 Unarmed Combat
 * Level 7.9 Shapeshifting


You had 8 spell levels left.
You didn't know any spells.
Your spell library contained the following spells:

 Spells                   Type           Power      Damage    Failure   Level
 Ensorcelled Hibernation  Hex/Ice        0%         N/A       50%         2
 Passwall                 Tmut/Erth      0%         N/A       50%         2
 Poisonous Vapours        Pois/Air       0%         N/A       50%         2
 Mephitic Cloud           Conj/Pois/Air  0%         N/A       75%         3
 Swiftness                Air            0%         N/A       75%         3
 Freezing Cloud           Conj/Ice/Air   0%         6-21      100%        5
 Haunt                    Necr/Summ      0%         N/A       100%        7
 Borgnjor's Revivificati  Necr           0%         N/A       100%        8
 Death's Door             Necr           0%         N/A       100%        9


Dungeon Overview and Level Annotations

Branches:
Dungeon (6/15)            Ossuary (visited)
 Temple: D:4-7

Altars:
Elyvilon
Hepliaklqana
Makhleb
Zin
The Shining One

Shops:
D:2 (   D:4 [

Annotations:
D:5 3 runed translucent doors, Kiciri's ghost, amateur MeFi


Innate Abilities, Weirdness & Mutations

You are a lightning-filled tempest!
Your electrical attacks strike out in all directions at once.
You are incredibly evasive.
Your insubstantial body is immune to petrification, constriction, and being set on fire You are flying.
Your maximum health is decreased, since you lack skill for your form.
Your armour is entirely melded.
You are incapable of wielding weapons or throwing items.
You cannot wear most types of armour.
You are amphibious.
You can wear up to eight rings at the same time.
You are immune to poison.
((Your skin changes colour to match your surroundings (Stealth+).))
((Your rubbery body absorbs attacks. (AC +1, EV +1)))
((You are camouflaged when in or above water. (Stealth+)))
((You have tentacles for arms and can constrict up to eight enemies at once.))


Message History

You kill the hound!
Your Fighting skill increases to level 6!
No target in view!
No target in view!
c - 8 scrolls labelled OSUYCAMIKOR (gained 1)
x - a black potion
Found a scroll labelled GIOFYA LAVIMP.
Found a war axe.
A sky beast comes into view.
You see here a +1 rapier of speed.
Aiming: Blinkbolt
Press: ? - help, Dir - move target, f - sky beast
Aim: a sky beast (asleep, 100% to hit)
The shock of your passage hits the sky beast.
The sky beast completely resists.
You blink.
A water moccasin and a gnoll come into view.
The water moccasin hisses angrily.
The gnoll shouts!
A gnoll comes into view. It is wielding a +0 flail.
The sky beast completely misses you.
The gnoll moves out of view.
You miss the sky beast. The sky beast misses you.
You buffet the sky beast!
The sky beast is moderately wounded.
The sky beast misses you.
You batter the sky beast!!
You punch the sky beast, but do no damage.
The sky beast is almost dead.
The sky beast completely misses you.
You buffet the sky beast!
You kill the sky beast!
You hit the water moccasin.
The water moccasin is lightly wounded.
The water moccasin misses you.
You batter the water moccasin!!
You punch the water moccasin, but do no damage.
The water moccasin is severely wounded.
You buffet the gnoll!
You kill the gnoll!
The water moccasin bites you.
Ouch! That really hurt!
You die...

#. ##. #..
#
..###+###.#
# ........
#.#...g.#
#...S).#
#...v#
#)..##
#...#
#..?##
#....###
##......#
#)...#
##....#
###.....#


You could see a water moccasin and a gnoll.

Vanquished Creatures
  Grinder (D:4)
  Eustachio (D:4)
  Edmund (D:4)
  2 ice beasts
  4 sky beasts (D:6)
  2 ogres
  2 phantoms
  2 elf zombies (Ossuary)
  A bullfrog (D:4)
  A scorpion (D:5)
  2 human zombies (Ossuary)
  A jelly (D:6)
  A gnoll bouda (D:6)
  A hound (D:6)
  An orc priest (D:5)
  3 iguanas
  A sleepcap (D:5)
  A hound zombie (Ossuary)
  4 mummies (Ossuary)
  8 gnolls
  16 adders
  A shadow imp (D:5)
  2 dart slugs
  4 orcs (D:5)
  11 ball pythons
  6 endoplasms
  3 giant cockroaches
  6 goblins
  4 hobgoblins (D:1)
  3 jackals (D:1)
  11 kobolds
  6 quokkas
  5 bats
  6 frilled lizards
  A gnoll zombie (Ossuary)
  A goblin zombie (Ossuary)
  2 hobgoblin zombies (Ossuary)
  A jackal zombie (Ossuary)
  2 orc zombies (Ossuary)
  3 rats
134 creatures vanquished.

Notes
Turn   | Place    | Note
-------+----------+-------------------------------------------
     0 | D:1      | Ethylacetat the Octopode Shapeshifter began the quest for
                  | the Orb.
     0 | D:1      | Reached XP level 1. HP: 13/13 MP: 1/1
    65 | D:1      | Reached XP level 2. HP: 11/18 MP: 2/2
   408 | D:1      | Reached XP level 3. HP: 22/23 MP: 3/3
  1100 | D:2      | Found Emoankim's Weapon Boutique.
  1344 | D:3      | Reached XP level 4. HP: 27/29 MP: 4/4
  1557 | D:3      | Found a hazy altar of Hepliaklqana.
  1929 | D:3      | Reached skill level 4 in Shapeshifting
  2013 | D:4      | Reached XP level 5. HP: 34/35 MP: 5/5
  2059 | D:4      | Noticed Grinder
  2059 | D:4      | Noticed Eustachio
  2065 | D:4      | Paralysed by Grinder for 3 turns
  2083 | D:4      | Killed Eustachio
  2084 | D:4      | Reached XP level 6. HP: 18/42 MP: 6/6
  2106 | D:4      | Killed Grinder
  2107 | D:4      | Reached skill level 5 in Shapeshifting
  2107 | D:4      | Reached XP level 7. HP: 23/47 MP: 7/7
  2225 | D:4      | Reached skill level 5 in Unarmed Combat
  2325 | D:4      | Noticed Edmund
  2335 | D:4      | Killed Edmund
  2337 | D:4      | Found a sand-covered staircase.
  2342 | Ossuary  | Entered an ossuary
  2348 | Ossuary  | Reached skill level 6 in Shapeshifting
  2348 | Ossuary  | Reached XP level 8. HP: 45/54 MP: 8/8
  2889 | D:4      | Found Hyoxiw's Armour Boutique.
  2917 | D:5      | Entered Level 5 of the Dungeon
  3016 | D:5      | Reached skill level 5 in Fighting
  3201 | D:5      | Noticed Kiciri's ghost (amateur MeFi)
  3210 | D:5      | Found a runed translucent gate.
  3210 | D:5      | Found a runed translucent gate.
  3212 | D:5      | Found a runed translucent gate.
  3235 | D:5      | Reached skill level 7 in Shapeshifting
  3379 | D:5      | Found a burning altar of Makhleb.
  3923 | D:6      | Reached XP level 9. HP: 6/61 MP: 9/9
  4058 | D:6      | Found a white marble altar of Elyvilon.
  4058 | D:6      | Found a glowing golden altar of the Shining One.
  4058 | D:6      | Found a glowing silver altar of Zin.
  4114 | D:6      | Slain by a water moccasin

Illustrated notes

Levels and vault maps discovered:
D:1:      eino_arrival_water_cross, layout_basic
D:2:      layout_basic, serial_shops, nicolae_shop_back_alley_shop
D:3:      layout_basic, nicolae_hepliaklqana_hippocampus,
          lexackson_kobold_supper
D:4:      cheibrodos_helix_gallery, layout_basic, serial_shops,
          nicolae_shop_pleasant_corner_grove, enter_ossuary_5, uniq_grinder,
          uniq_eustachio, uniq_edmund
D:5:      layout_layer_cave, mainiacjoe_overflow_surrounded_room,
          gammafunk_ghost_split
D:6:      layout_rooms, good_gods_mini_temple, lemuel_coloured_pillars_altar,
          lemuel_doored_altar, minmay_temple_entry_statues_fountains,
          gammafunk_ghost_smash

Skill      XL: |  1  2  3  4  5  6  7  8  9 |
---------------+----------------------------+-----
Fighting       | 2 3 4 5 6 |  6.0
Shapeshifting  | 4 5 6 7 |  7.9
Unarmed Combat | 4 5 6 |  6.7
Dodging        | |  2.0

Action                     |  1- 3 |  4- 6 |  7- 9 || total
---------------------------+-------+-------+-------++-------
  Melee: Unarmed           |    70 |    84 |    23 ||   177
         Constrict         |    16 |    14 |    28 ||    58
         Tentacles         |     9 |    10 |    38 ||    57
         Punch             |       |     1 |     9 ||    10
         Rapier            |       |       |   142 ||   142
Ability: Blinkbolt         |       |       |     3 ||     3
  Evoke: Wand              |       |       |     4 ||     4
    Use: Potion            |       |     2 |     1 ||     3
   Stab: Sleeping          |     3 |     2 |     3 ||     8
 Armour: Skin              |     5 |    46 |   146 ||   197
  Dodge: Dodged            |    50 |    32 |   110 ||   192
   Form: Storm             |       |       |     1 ||     1

Table legend: (Time is in decaauts)
 A = Elapsed time spent in this place.
 B = Non-inter-level travel time spent in this place.
 C = Inter-level travel time spent in this place.
 D = Time resting spent in this place.
 E = Time spent auto-exploring this place.
 F = Levels seen in this place.
 G = Mean time per level.
                   A        B        C        D        E       F      G
               +--------+--------+--------+--------+--------+-----+--------+
         Total |   4072 |   3962 |    110 |     63 |   2904 |   7 |  581.7 |
       Dungeon |   3846 |   3736 |    110 |     40 |   2806 |   6 |  641.0 |
       Ossuary |    226 |    226 |      0 |     23 |     98 |   1 |  226.0 |
               +--------+--------+--------+--------+--------+-----+--------+

Top non-repeatable levels by time:
     D:5: 934 daAuts
     D:4: 718 daAuts
     D:3: 712 daAuts
     D:1: 690 daAuts
     D:2: 596 daAuts
 Ossuary: 226 daAuts
     D:6: 194 daAuts
